 Dungeon Crawl Stone Soup version 0.28-a0-1518-gbe868bca14 (webtiles) character file.

Game seed: 14755294245724549962

357357 freelancePsychic the Tortoise (level 21, -37/200 (201) HPs)
             Began as a Minotaur Fighter on Jan 16, 2022.
             Was an Initiate of Yredelemnul.
             Killed from afar by fragbeetle's ghost (65 damage)
             ... with an iron shot
             ... on level 1 of the Depths.
             The game lasted 02:31:18 (48417 turns).

freelancePsychic the Tortoise (Minotaur Fighter)   Turns: 48417, Time: 02:31:19

HP:   -37/200 (201) AC: 56    Str: 25      XL:     21   Next: 41%
MP:   9/23          EV: 15    Int:  0 (8)  God:    Yredelemnul [......]
Gold: 3735          SH: 25    Dex: 26      Spells: 23/25 levels left

rFire   + . .      SeeInvis .   b - +9 demon blade (protect)
rCold   + . .      Faith    .   h - +0 tower shield
rNeg    . . .      Spirit   .   t - +13 crystal plate armour {rC+}
rPois   .          Reflect  .   f - +0 hat "Vojeatring" {Dex+4}
rElec   +          Harm     .   r - +0 cloak
rCorr   +          Rampage  +   n - +2 pair of gloves of the Hall of Blades {Contam Rampage rElec MP-9}
Will    +....      Rnd*Tele +   H - +2 pair of boots "Pekk" {rElec rCorr Dex+3 Slay+3}
Stlth   ..........              S - amulet of regeneration
HPRegen 1.23/turn               o - ring of Cashram {rC+ Int+3 Slay+2}
MPRegen 0.18/turn               T - ring of the Amoeba {Fire rElec rCorr Int-2 Slay+6}

@: under a protective aura, contaminated, hasted and slowed, lost intelligence,
glowing, lightly drained, unable to read
A: horns 2, retaliatory headbutt, agile 1, clever 1, deterioration 2,
teleportitis 1, no potion heal 1, inability to read while threatened, noise
suppression, devolution 1
}: 2/15 runes: decaying, serpentine
a: Renounce Religion, Recall Undead Harvest


You were on level 1 of the Depths.
You worshipped Yredelemnul.
Yredelemnul was most pleased with you.
You visited 8 branches of the dungeon, and saw 39 of its levels.
You visited the Abyss 4 times.
You also visited: Ossuary, Gauntlet, Ice Cave and Volcano.

You collected 6340 gold pieces.
You spent 2605 gold pieces at shops.

Inventory:

Hand Weapons
 b - a +9 demon blade of protection (weapon)
Missiles
 i - 3 silver javelins
 j - 9 javelins (quivered)
 G - 2 throwing nets
 I - 19 boomerangs
 L - 13 boomerangs of dispersal
 X - 15 silver boomerangs
Armour
 f - the +0 hat "Vojeatring" (worn) {Dex+4}
   (You acquired it on level 1 of the Snake Pit)

   Dex:       It affects your dexterity (+4).
 h - a +0 tower shield (worn)
 n - the +2 pair of gloves of the Hall of Blades (worn) {Contam Rampage rElec MP-9}
   (You acquired it on level 6 of the Dungeon)

   rElec:     It insulates you from electricity.
   MP:        It affects your magic capacity (-9).
   Contam:    It causes magical contamination when unequipped.
   Rampage:   It bestows one free step when moving towards enemies.
 r - a +0 cloak (worn)
 t - a +13 crystal plate armour of cold resistance (worn)
 H - the +2 pair of boots "Pekk" (worn) {rElec rCorr Dex+3 Slay+3}
   (You acquired it on level 2 of the Swamp)

   Dex:       It affects your dexterity (+3).
   Slay:      It affects your accuracy & damage with ranged weapons and melee
   (+3).
   rElec:     It insulates you from electricity.
   rCorr:     It protects you from acid and corrosion.
Jewellery
 e - a ring of protection from fire
 o - the ring of Cashram (left hand) {rC+ Int+3 Slay+2}
   (You found it on level 1 of the Elven Halls)

   [ring of protection from cold]

   Int:       It affects your intelligence (+3).
   Slay:      It affects your accuracy & damage with ranged weapons and melee
   (+2).
   rC:        It protects you from cold.
 y - a ring of willpower
 K - a ring of resist corrosion
 Q - a ring of poison resistance
 S - an amulet of regeneration (around neck)
 T - the ring of the Amoeba (right hand) {Fire rElec rCorr Int-2 Slay+6}
   (You took it off a deep elf death mage on level 3 of the Elven Halls)

   [ring of fire]

   It enhances your fire magic.
   Int:       It affects your intelligence (-2).
   Slay:      It affects your accuracy & damage with ranged weapons and melee
   (+6).
   rF:        It protects you from fire.
   rC:        It makes you vulnerable to cold.
   rElec:     It insulates you from electricity.
   rCorr:     It protects you from acid and corrosion.
Wands
 B - a wand of polymorph (42)
 E - a wand of iceblast (36)
 F - a wand of charming (47)
 J - a wand of paralysis (12)
 O - a wand of mindburst (11)
 P - a wand of flame (43)
 V - a wand of digging (16)
 Y - a wand of acid (17)
Scrolls
 c - 17 scrolls of identify {@r1}
 k - 3 scrolls of fear
 l - 6 scrolls of immolation
 m - 10 scrolls of blinking
 q - 2 scrolls of fog
 z - 10 scrolls of teleportation {@r4}
 A - a scroll of torment
 D - 5 scrolls of magic mapping
 W - 7 scrolls of vulnerability
Potions
 a - a potion of berserk rage
 d - a potion of flight
 g - 13 potions of curing {@q1}
 s - 2 potions of attraction
 u - 2 potions of mutation
 v - 2 potions of haste {@q3}
 w - 2 potions of brilliance
 x - 8 potions of ambrosia
 C - 2 potions of might
 M - 4 potions of magic
 N - 5 potions of lignification
 Z - 2 potions of invisibility
Miscellaneous
 R - a box of beasts


   Skills:
 - Level 20.0 Fighting
 - Level 14.0 Long Blades
 - Level 4.3 Throwing
 - Level 20.0 Armour
 + Level 15.1 Dodging
 - Level 20.0 Shields
 - Level 2.5 Spellcasting
 - Level 12.1 Transmutations
 - Level 3.1 Earth Magic
 + Level 17.8 Invocations
 - Level 2.0 Evocations


You had 23 spell levels left.
You knew the following spells:

 Your Spells              Type           Power      Damage    Failure   Level
a - Wereblood             Tmut           0%         N/A       19%         2

Your spell library contained the following spells:

 Spells                   Type           Power      Damage    Failure   Level
 Passwall                 Tmut/Erth      0%         N/A       77%         2
 Sandblast                Erth           0%         2d4       99%         1
 Spider Form              Tmut/Pois      0%         N/A       99%         3
 Foxfire                  Conj/Fire      0%         2x1d4     100%        1
 Magic Dart               Conj           0%         1d3       100%        1
 Pain                     Necr           0%         1d4       100%        1
 Blink                    Tloc           0%         N/A       100%        2
 Call Imp                 Summ           0%         N/A       100%        2
 Corpse Rot               Necr/Air       0%         N/A       100%        2
 Ensorcelled Hibernation  Hex/Ice        0%         N/A       100%        2
 Poisonous Vapours        Pois/Air       0%         N/A       100%        2
 Static Discharge         Conj/Air       0%         N/A       100%        2
 Sublimation of Blood     Necr           0%         N/A       100%        2
 Confusing Touch          Hex            0%         N/A       100%        3
 Conjure Flame            Conj/Fire      0%         6-21      100%        3
 Dazzling Flash           Conj/Hex       0%         N/A       100%        3
 Gell's Gravitas          Tloc           0%         N/A       100%        3
 Ignite Poison            Fire/Tmut/Pois 0%         N/A       100%        3
 Inner Flame              Hex/Fire       0%         N/A       100%        3
 Lesser Beckoning         Tloc           0%         N/A       100%        3
 Mephitic Cloud           Conj/Pois/Air  0%         N/A       100%        3
 Stone Arrow              Conj/Erth      0%         3d7       100%        3
 Swiftness                Air            0%         N/A       100%        3
 Teleport Other           Tloc           0%         N/A       100%        3
 Vampiric Draining        Necr           0%         2d6       100%        3
 Airstrike                Air            0%         N/A       100%        4
 Anguish                  Hex/Necr       0%         N/A       100%        4
 Animate Dead             Necr           0%         N/A       100%        4
 Dispel Undead            Necr           0%         3d6       100%        4
 Flame Wave               Conj/Fire      0%         2d4       100%        4
 Hailstorm                Conj/Ice       0%         3d3       100%        4
 Ice Form                 Ice/Tmut       0%         N/A       100%        4
 Iskenderun's Mystic Bla  Conj/Tloc      0%         2d3       100%        4
 Leda's Liquefaction      Hex/Erth       0%         N/A       100%        4
 Sticky Flame             Conj/Fire      0%         2d3       100%        4
 Summon Lightning Spire   Summ/Air       0%         N/A       100%        4
 Agony                    Necr           0%         N/A       100%        5
 Freezing Cloud           Conj/Ice/Air   0%         6-21      100%        5
 Lightning Bolt           Conj/Air       0%         1d11      100%        5
 Manifold Assault         Tloc           0%         N/A       100%        5
 Silence                  Hex/Air        0%         N/A       100%        5
 Summon Forest            Summ/Tloc      0%         N/A       100%        5
 Summon Mana Viper        Hex/Summ       0%         N/A       100%        5
 Dispersal                Tloc           0%         N/A       100%        6
 Iron Shot                Conj/Erth      0%         9d1       100%        6
 Simulacrum               Ice/Necr       0%         N/A       100%        6
 Statue Form              Tmut/Erth      0%         N/A       100%        6
 Summon Cactus Giant      Summ           0%         N/A       100%        6
 Haunt                    Necr/Summ      0%         N/A       100%        7
 Summon Hydra             Summ           0%         N/A       100%        7
 Borgnjor's Revivificati  Necr           0%         N/A       100%        8
 Infestation              Necr           0%         N/A       100%        8
 Necromutation            Tmut/Necr      0%         N/A       100%        8
 Death's Door             Necr           0%         N/A       100%        9
 Shatter                  Erth           0%         3d5*      100%        9


Dungeon Overview and Level Annotations

Branches:
Dungeon (15/15)            Temple (0/1) D:6            Lair (6/6) D:10
  Swamp (4/4) Lair:3        Snake (4/4) Lair:2        Slime (0/5) Lair:6
    Orc (2/2) D:9             Elf (3/3) Orc:2        Vaults (4/5) D:13
  Crypt (0/3) Vaults:2     Depths (1/4) D:15        Ossuary (visited)
  IceCv (visited)         Volcano (visited)         Gauntlet (visited)

Altars:
Cheibriados
Elyvilon
Gozag
Kikubaaqudgha
Makhleb
Nemelex Xobeh
Okawaru
Sif Muna
Uskayaw
Wu Jian
Xom
Yredelemnul
The Shining One
Beogh
Jiyva

Shops:
Orc:1 *?   Orc:2 **:[   Elf:1 :   Elf:2 =   Elf:3 =::   Snake:1 :*
Snake:2 *!**   Snake:4 ?*[(   Vaults:4 *

Portals:
Hell: Lair:6 Depths:1
Abyss: Depths:1
Pandemonium: Orc:2

Annotations:
D:2 Sigmund
D:14 3 runed translucent doors, Mockok's ghost, adept HuCj
Elf:2 2 runed translucent doors
Depths:1 fragbeetle's ghost, adept GrEE


Innate Abilities, Weirdness & Mutations

You have a pair of horns on your head.
You reflexively headbutt those who attack you in melee.
You are agile. (Dex +2)
Your mind is acute. (Int +2)
Your body often deteriorates upon taking damage.
You are occasionally teleported next to monsters.
Potions are less effective at restoring your health.
You sometimes lose the ability to read scrolls when taking damage.
You passively dampen the noise of your surroundings.
You have hidden genetic defects.


Message History

The blast of cold hits you! You resist.
* * * LOW HITPOINT WARNING * * *
An orb of destruction comes into view.
The fire giant hits you with a +1 great sword of flaming!
* * * LOW HITPOINT WARNING * * *
The fire giant burns you.
* * * LOW HITPOINT WARNING * * *
You block the orb of destruction.
The orb of destruction dissipates.
The lich points at you and mumbles some strange words.
You struggle to resist.
You block the lich's attack.
The fire giant hits you with a +1 great sword of flaming.
* * * LOW HITPOINT WARNING * * *
The lich conjures an orb of pure magic.
The fire giant gestures at you while chanting.
The bolt of fire misses you.
An orb of destruction comes into view.
You rampage towards the fire giant!
You hit the fire giant.
Your weapon exudes an aura of protection.
The fire giant is lightly wounded.
The lich closely misses you. You furiously retaliate!
You headbutt the lich. You block the rakshasa's attack.
The tengu reaver enters a dispersal trap!
The deep troll shaman simulacrum blinks!
The lich blinks!
The ice dragon blinks!
Fragbeetle's ghost blinks!
The fire giant blinks!
Fragbeetle's ghost blinks!
The sphinx blinks!
The deep troll shaman simulacrum blinks!
The rakshasa blinks!
The lich blinks!
Fragbeetle's ghost blinks! x2
The lich blinks!
You blink.
You rampage towards the rakshasa!
You hit the rakshasa. You headbutt the rakshasa!
The rakshasa is lightly wounded.
The rakshasa barely misses you.
The orb of destruction hits the tengu reaver!!!!
The tengu reaver is blown up!
The tengu reaver's corpse dissolves into shadows!
You block the rakshasa's attack.
Fragbeetle's ghost points at you and mumbles some strange words.
The iron shot hits you!!!
You die...
Your body rises from the dead as a mindless zombie.

#####ZZ..###......#..............
.###Z...## ##....(...............
.Z.ZZZZ..###.................[...
..Z.......#......................
.Z...............L......#......##
.......................###..[.###
......................## ##...###
................<......###....###
...............R@.W.....#......##
..........#........§.............
.........###......○.§............
.###....## ##..W...○D............
#####...)###......#.§.{^§........
#####.....#......###§§G..........
#####...........## ##§§..Z.......
Z###.............###..G..........
#...............∩.#.......C......


You could see an ice dragon (summoned), a lich (summoned, fast), a rakshasa, a
glowing orange brain (summoned) and 2 fragbeetle's ghosts.

Vanquished Creatures
  Saint Roka (Snake:4)
  A profane servitor (Abyss:3)
  A bone dragon (Abyss:2)
  15 starcursed masses
  Mlioglotl (Swamp:2)
  Asterion (Elf:3)
  2 tentacled starspawn
  Kirke (D:14)
  2 sphinxes
  2 tengu reavers (Vaults:2)
  Donald (Snake:3)
  A thorn hunter (Swamp:3)
  A fire giant (Depths:1)
  Roxanne (D:14)
  3 nagarajas
  An orc warlord (Vaults:1)
  2 frost giants (Depths:1)
  Aizul (Snake:4)
  A caustic shrike zombie (D:15)
  3 deep elf elementalists (Elf:3)
  8 very ugly things
  A balrug (Abyss:3)
  4 vault wardens
  6 ironbound preservers
  A stone giant (Vaults:3)
  A war gargoyle (Vaults:3)
  5 ironbound thunderhulks
  A vampire knight (Vaults:2)
  2 deep elf demonologists (Elf:3)
  A bunyip (Swamp:4)
  An eleionoma (Swamp:1)
  2 deep elf annihilators (Elf:3)
  An eidolon (Vaults:2)
  2 dire elephants
  A minotaur (Gauntlet)
  An ettin (Vaults:4)
  A deep elf death mage (Elf:3)
  Snorg (Lair:4)
  A fire dragon (D:15)
  The ghost of Gielil the Severer, a journeyman MiBe of Trog (Orc:1)
  6 yaktaur captains
  2 great orbs of eyes
  9 naga warriors
  3 boulder beetles
  2 deep elf high priests
  10 hydras
  2 peacekeepers
  4 ghost crabs
  2 ogre magi
  2 salamander tyrants (Snake:4)
  A demonspawn (Orc:2)
  2 centaur warriors (D:15)
  4 anacondas
  9 ironbound frosthearts
  5 two-headed ogres
  3 alligators
  A death scarab (Gauntlet)
  7 death yaks
  4 deep troll earth magi (Depths:1)
  2 vampire magi
  8 dancing weapons
  2 tengu warriors (D:15)
  11 naga sharpshooters
  A shock serpent (shapeshifter) (D:15)
  3 orc high priests (Orc:2)
  4 thrashing horrors
  6 shock serpents
  A soul eater (Abyss:2)
  2 skeletal warriors (D:15)
  A shadow wraith (Abyss:2)
  4 deep elf knights
  3 wretched stars
  A spectral catoblepas (Gauntlet)
  4 goliath frogs
  An iron troll (Depths:1)
  3 spriggan druids
  A death drake (Swamp:4)
  2 salamander mystics (Snake:4)
  23 deep trolls
  2 spatial maelstroms
  4 swamp dragons
  7 sea snakes (Snake:4)
  4 deep elf archers
  6 lindwurms
  6 bog bodies
  2 naga ritualists
  5 orc knights
  A necromancer (D:15)
  7 wizards
  7 harpies
  10 deep elf zephyrmancers
  11 ironbound convokers
  Pikel (D:7)
  A manticore (shapeshifter) (Elf:3)
  2 wolf spiders
  6 mana vipers
  3 orc sorcerers
  42 ugly things
  13 deep elf pyromancers
  3 cyclopes
  2 worldbinders (Abyss:2)
  10 salamanders
  8 elephants
  A cyclops (shapeshifter) (D:15)
  A manticore (D:15)
  8 large abominations
  2 will-o-the-wisps
  A fire giant skeleton (D:15)
  29 black mambas
  8 vault sentinels
  An ice statue (IceCv)
  3 smoke demons
  An orange demon (Abyss:3)
  A guardian serpent (Abyss:2)
  12 naga magi
  A torpor snail (Gauntlet)
  An apocalypse crab (Abyss:2)
  An eye of devastation (D:13)
  Maggie (D:10)
  6 cane toads
  Psyche (D:10)
  A kobold demonologist (D:13)
  An unseen horror (D:12)
  2 freezing wraiths
  5 rime drakes
  3 efreet
  7 komodo dragons
  2 ancient zymes (Abyss:3)
  14 yaktaurs
  A tengu conjurer (D:14)
  5 trolls
  A queen bee (Lair:1)
  A bloated husk (Swamp:2)
  3 tyrant leeches
  2 hornets
  3 meliai (D:13)
  15 polar bears
  An ettin zombie (D:15)
  11 blink frogs
  14 raiju
  2 dream sheep (Lair:4)
  5 slime creatures
  A slime creature (shapeshifter) (Vaults:3)
  A meliai zombie (D:11)
  4 air elementals
  A ynoxinul (Abyss:3)
  A yak (shapeshifter) (D:14)
  2 spriggans
  3 water elementals
  2 wraiths
  3 shadows
  A vampire (D:10)
  22 yaks
  6 fire elementals
  3 hogs (D:14)
  13 humans (D:13)
  12 vampire mosquitoes
  4 neqoxecs (Abyss:3)
  2 steam dragons
  The ghost of frimble the Grasshopper, an amateur DsWr (D:4)
  A basilisk (D:14)
  2 chaos spawn (Abyss:3)
  A warg (Orc:1)
  A spatial vortex (Abyss:3)
  3 acid dragons
  8 swamp worms
  17 nagas
  16 water moccasins
  26 orc warriors
  A floating eye (shapeshifter) (D:15)
  7 hell hounds
  2 swamp drakes (Swamp:4)
  4 sky beasts
  2 ice beasts (D:8)
  A necrophage (D:6)
  3 boggarts
  4 hornet zombies
  4 black bears
  11 ogres
  8 small abominations
  11 centaurs
  28 wolves
  A phantom (D:4)
  4 elf zombies (Ossuary)
  11 bullfrogs
  4 kobold brigands
  6 earth elementals
  A gnoll sergeant (D:4)
  4 wyvern zombies
  2 scorpions
  A water moccasin zombie (D:7)
  14 killer bees (Lair:1)
  4 howler monkeys
  2 vampire bats
  14 wights
  An electric eel (D:13)
  A crimson imp (D:3)
  A lava snake (D:7)
  3 hounds
  9 centaur zombies
  3 centaur skeletons
  10 jellies
  18 orc priests
  2 bullfrog zombies
  2 bullfrog skeletons (D:5)
  A gnoll shaman (D:4)
  4 human zombies
  3 iron imps
  2 iguanas
  15 orc wizards
  A killer bee zombie (D:6)
  5 mummies
  2 howler monkey zombies
  6 adders
  4 gnolls
  A white imp (Abyss:3)
  An ufetubus (D:4)
  2 adder skeletons
  4 worms
  4 dart slugs
  7 fire bats
  56 orcs
  2 spectral bats (D:3)
  16 bats
  2 bat skeletons (D:3)
  A bat zombie (D:3)
  4 endoplasms
  6 giant cockroaches
  7 goblins
  8 hobgoblins
  11 jackals
  4 quokkas
  A training dummy (Elf:1)
  5 ball pythons
  A bat simulacrum (D:3)
  4 frilled lizards
  A hobgoblin zombie (D:6)
  15 kobolds
  7 rats
  A briar patch (Swamp:3)
  3 starspawn tentacles
1164 creatures vanquished.

Vanquished Creatures (collateral kills)
  Sojobo (Vaults:2)
  2 deep elf master archers
  2 deep elf blademasters (Elf:3)
  Frances (Swamp:2)
  A sphinx (Vaults:1)
  A tengu reaver (Vaults:2)
  2 nagarajas
  A fenstrider witch (Swamp:2)
  2 orc warlords
  A vault warden (Vaults:2)
  A revenant (Vaults:2)
  2 deep elf sorcerers (Elf:3)
  Louise (D:14)
  5 deep elf elementalists (Elf:3)
  6 ironbound preservers
  An ironbound thunderhulk (Vaults:3)
  A very ugly thing (Depths:1)
  A war gargoyle (Vaults:2)
  A stone giant (Depths:1)
  5 eleionomae
  3 deep elf demonologists
  6 deep elf annihilators (Elf:3)
  2 bunyips
  2 deep elf death magi (Elf:3)
  6 dire elephants (Vaults:1)
  3 ettins (Depths:1)
  3 crystal guardians
  7 yaktaur captains
  2 deep elf high priests (Elf:3)
  An ice dragon (Depths:1)
  A vault guard (Vaults:3)
  A spriggan zombie (D:15)
  15 hydras
  8 naga warriors
  2 boulder beetles
  A peacekeeper (Vaults:2)
  Harold (Lair:1)
  A rakshasa (D:14)
  4 anacondas
  A catoblepas (Lair:6)
  2 two-headed ogres
  5 ironbound frosthearts
  2 demonspawn (Orc:2)
  A centaur warrior (D:14)
  3 alligators
  3 deep troll shamans (Depths:1)
  6 death yaks
  A naga sharpshooter (Snake:1)
  A dancing weapon (Elf:2)
  A vampire mage (D:15)
  3 orc high priests (Orc:2)
  3 deep elf knights
  A soul eater (Orc:2)
  2 iron trolls (Depths:1)
  2 goliath frogs (Swamp:1)
  A sixfirhy (Lair:6)
  A spriggan druid (Swamp:4)
  18 deep trolls
  5 deep elf archers
  4 naga ritualists (Snake:4)
  2 spriggan riders
  A glowing orange brain (Vaults:3)
  2 bog bodies (Swamp:1)
  6 swamp dragons
  An ironbound convoker (Vaults:3)
  2 lindwurms (Vaults:4)
  An obsidian statue (Orc:1)
  4 harpies
  A necromancer (Depths:1)
  10 deep elf zephyrmancers
  A phantasmal warrior (Abyss:3)
  A large abomination (Abyss:3)
  9 orc knights
  3 orc sorcerers (Orc:2)
  4 wizards
  13 ugly things
  A salamander (Snake:3)
  3 mana vipers
  3 deep elf pyromancers (Elf:3)
  A manticore (D:15)
  A wolf spider (Lair:4)
  A cyclops (D:14)
  12 black mambas
  12 naga magi
  A worldbinder (Abyss:3)
  An elephant (Lair:6)
  A guardian serpent (Snake:4)
  4 vault sentinels
  4 orange demons
  14 yaktaurs
  A komodo dragon (Lair:6)
  A rime drake (Lair:4)
  An efreet (D:14)
  A dire elephant skeleton (Abyss:3)
  A tyrant leech (Swamp:1)
  A hydra zombie (Swamp:4)
  2 red devils (Lair:6)
  A polar bear (IceCv)
  11 blink frogs
  12 slime creatures
  2 raiju (Abyss:3)
  13 dream sheep
  3 hornets
  A dream sheep (shapeshifter) (Depths:1)
  A small abomination (Abyss:2)
  2 air elementals (Elf:1)
  A water elemental (D:13)
  4 spriggans
  A wyvern (Lair:6)
  3 humans (D:13)
  A fire elemental (Elf:2)
  6 yaks
  4 vampire mosquitoes
  A warg (Orc:2)
  5 swamp worms
  16 nagas
  3 water moccasins
  3 hell hounds (Lair:6)
  5 swamp drakes (Swamp:4)
  10 orc warriors
  A black bear (D:10)
  3 boggarts
  An elf zombie (Elf:1)
  3 ogres
  9 wolves
  A vampire mosquito zombie (Swamp:1)
  A kobold brigand (D:8)
  2 bullfrogs
  2 earth elementals (Elf:3)
  5 killer bees (Lair:1)
  3 wights
  A vampire bat (D:6)
  2 starcursed masses (Abyss:3)
  2 jellies
  9 orc priests (Orc:2)
  4 orc wizards
  A mummy (D:6)
  3 gnolls
  An ufetubus (Abyss:2)
  An adder skeleton (D:4)
  10 orcs
  A bat (D:6)
  A bat skeleton (D:3)
  2 training dummies (Elf:1)
  2 ball pythons
  A frilled lizard (D:1)
  3 kobolds (D:8)
  2 orc zombies
  A rat (D:2)
  2 briar patches (Swamp:3)
  A bush (Lair:6)
491 creatures vanquished.

Vanquished Creatures (others)
  A spectral hydra (Depths:1)
  An eldritch tentacle (Depths:1)
  A bunyip (Swamp:3)
  A very ugly thing zombie (Depths:1)
  A salamander tyrant (Snake:4)
  A thrashing horror (Abyss:2)
  A spectral sixfirhy (Lair:6)
  A deep elf knight (D:15)
  2 bunyip zombies
  A wretched star (Abyss:3)
  An anaconda zombie (Snake:3)
  A spriggan druid (Swamp:3)
  A wizard (Lair:6)
  3 goliath frog zombies
  9 ugly thing zombies
  A wolf spider zombie (D:15)
  2 deep elf zephyrmancers
  A will-o-the-wisp (Swamp:3)
  A fire giant zombie (Depths:1)
  2 shock serpent zombies
  A dire elephant zombie (Vaults:1)
  2 iron troll zombies (Depths:1)
  4 spectral slime creatures
  A sea snake zombie (Snake:4)
  4 death yak zombies
  A catoblepas zombie (Lair:6)
  A spectral glowing orange brain (Vaults:3)
  2 hydra zombies
  A death drake zombie (Swamp:4)
  4 bloated husks (Swamp:3)
  2 harpy zombies (Vaults:1)
  An alligator zombie (Swamp:4)
  A spectral floating eye (D:15)
  An ettin zombie (Depths:1)
  8 black mamba zombies
  A spriggan (Swamp:3)
  2 humans (D:14)
  A spectral orange demon (Lair:6)
  3 vampire mosquitoes (Swamp:3)
  A two-headed ogre zombie (D:8)
  8 deep troll zombies
  2 swamp worms (Swamp:3)
  A hornet zombie (Swamp:2)
  A spectral efreet (Abyss:3)
  4 dream sheep zombies
  2 lindwurm zombies
  7 blink frog zombies (Lair:6)
  A ghost crab zombie (Swamp:3)
  3 elephant zombies (Lair:6)
  5 elf zombies
  A boggart (Depths:1)
  A hog zombie (D:14)
  3 rime drake zombies
  8 vampire mosquito zombies
  A spectral ynoxinul (Abyss:3)
  A spectral chaos spawn (Abyss:3)
  A komodo dragon zombie (Lair:6)
  2 spectral neqoxecs (Abyss:3)
  6 yaktaur zombies
  4 hell hound zombies
  A cyclops zombie (D:14)
  4 salamander zombies
  3 water moccasin zombies (Lair:6)
  A warg zombie (Orc:2)
  7 raiju zombies
  3 spriggan zombies
  6 yak zombies
  9 wolf zombies
  4 centaur zombies
  11 human zombies
  A spectral boggart (Vaults:1)
  4 killer bee zombies (Lair:1)
  19 naga zombies
  2 ogre zombies
  4 spectral jellies
  3 howler monkey zombies
  A swamp drake zombie (Swamp:4)
  3 adder zombies
  2 spectral iron imps
  A spectral white imp (Abyss:3)
  A spectral fire bat (D:3)
  7 bat zombies
  3 gnoll zombies
  A ball python zombie (D:4)
  A frilled lizard zombie (D:2)
  2 giant cockroach zombies
  3 goblin zombies
  3 kobold zombies
  35 orc zombies
  5 foxfires
  89 fungi
  141 plants
  4 starspawn tentacles
  16 withered plants (D:15)
537 creatures vanquished.

Grand Total: 2192 creatures vanquished

Notes
Turn   | Place    | Note
-------+----------+-------------------------------------------
     0 | D:1      | freelancePsychic the Minotaur Fighter began the quest for
                  | the Orb.
     0 | D:1      | Reached XP level 1. HP: 19/19 MP: 0/0
   364 | D:1      | Reached XP level 2. HP: 24/27 MP: 1/1
  1082 | D:2      | Reached XP level 3. HP: 33/33 MP: 2/2
  1115 | D:2      | Found a snail-covered altar of Cheibriados.
  1573 | D:2      | Found a faded altar of an unknown god.
  1619 | D:2      | Prayed at the altar of an unknown god.
  1619 | D:2      | Became a worshipper of Yredelemnul the Dark
  1619 | D:2      | Reached * piety under Yredelemnul
  1812 | D:2      | Noticed Sigmund
  1821 | D:2      | Reached XP level 4. HP: 23/41 MP: 3/3
  2187 | D:3      | Identified the +7 hand axe "Akhoem" {antimagic, Contam
                  | Str+3 Int+3 Dex+4}
  2251 | D:3      | You fall into a shaft and drop 3 floors!
  2251 | D:6      | Found a staircase to the Ecumenical Temple.
  2266 | D:6      | Noticed a scorpion
  2285 | D:6      | Identified 3 scrolls of acquirement
  2285 | D:6      | Acquired a +0 kite shield of reflection
  2287 | D:6      | Acquired the +0 pair of gloves of Masochism {Fly rC+}
  2289 | D:6      | Acquired the +2 pair of gloves of the Hall of Blades
                  | {Contam Rampage rElec MP-9}
  2411 | D:6      | Noticed a black bear
  2432 | D:6      | Killed a black bear
  2433 | D:6      | Reached skill level 5 in Fighting
  2433 | D:6      | Reached skill level 5 in Long Blades
  2433 | D:6      | Reached XP level 5. HP: 33/48 MP: 0/4
  2554 | D:6      | Noticed an ogre
  2560 | D:6      | Reached XP level 6. HP: 56/56 MP: 0/5
  2630 | D:6      | Reached XP level 7. HP: 25/61 MP: 0/6
  2672 | D:6      | Reached skill level 5 in Armour
  2681 | D:6      | Found a sand-covered staircase.
  2800 | Ossuary  | Entered an ossuary
  3008 | Ossuary  | Reached skill level 5 in Shields
  3273 | Ossuary  | Reached XP level 8. HP: 50/71 MP: 0/7
  4089 | D:5      | Entered Level 5 of the Dungeon
  4363 | D:5      | Found a hide-covered altar of Uskayaw.
  4889 | D:4      | Noticed frimble's ghost (amateur DsWr)
  4893 | D:4      | Found a runed translucent gate.
  4893 | D:4      | Found a runed translucent gate.
  4893 | D:4      | Found a runed translucent gate.
  4916 | D:4      | Reached ** piety under Yredelemnul
  5563 | D:4      | Reached *** piety under Yredelemnul
  5770 | D:4      | Reached XP level 9. HP: 73/79 MP: 0/8
  5785 | D:4      | Killed frimble's ghost
  6056 | D:3      | Your ally phase bat zombie died
  6074 | D:3      | Your ally phase bat zombie died
  6272 | D:3      | Found a burning altar of Makhleb.
  6272 | D:3      | Found a shimmering altar of Xom.
  6536 | D:5      | Reached skill level 10 in Long Blades
  6817 | D:5      | Found a glowing golden altar of the Shining One.
  6817 | D:5      | Found an ornate altar of the Wu Jian Council.
  6881 | D:5      | Found a sparkling altar of Nemelex Xobeh.
  6886 | D:5      | Found a basalt altar of Yredelemnul.
  6891 | D:5      | Found a white marble altar of Elyvilon.
  7604 | D:6      | Found an ancient bone altar of Kikubaaqudgha.
  8081 | D:7      | Noticed a troll
  8086 | D:7      | Killed a troll
  8149 | D:7      | Reached skill level 1 in Throwing
  8218 | D:7      | Reached XP level 10. HP: 90/90 MP: 0/9
  8730 | D:8      | Noticed Pikel
  8740 | D:7      | Killed Pikel
  9066 | D:7      | Upgraded the game from 0.28-a0-1510-gd0f6b136d3 to
                  | 0.28-a0-1518-gbe868bca14
  9724 | D:8      | Noticed a two-headed ogre
  9732 | D:8      | Killed a two-headed ogre
  9803 | D:8      | Noticed a two-headed ogre
  9822 | D:8      | Killed a two-headed ogre
  9823 | D:8      | Reached skill level 10 in Fighting
  9823 | D:8      | Reached XP level 11. HP: 48/99 MP: 1/10
 10510 | D:8      | Found Nasat's Jewellery Emporium.
 10646 | D:9      | Found a staircase to the Orcish Mines.
 11113 | D:9      | Reached skill level 1 in Invocations
 11780 | D:10     | Entered Level 10 of the Dungeon
 11793 | D:10     | Noticed Maggie
 11797 | D:10     | Noticed Psyche
 11800 | D:10     | Killed Maggie
 11811 | D:10     | Killed Psyche
 11812 | D:10     | Reached skill level 10 in Shields
 12210 | D:10     | Found the +4 skin of Zhor {*Englaciate rC+++ SInv}
 12408 | D:10     | Found a staircase to the Lair.
 13264 | D:11     | Noticed a six-headed hydra
 13274 | D:11     | Killed a six-headed hydra
 13274 | D:11     | Reached **** piety under Yredelemnul
 13514 | D:11     | Noticed a two-headed ogre
 13523 | D:11     | Killed a two-headed ogre
 14383 | Lair:1   | Entered Level 1 of the Lair of Beasts
 14383 | Lair:1   | Noticed Harold
 14552 | Lair:1   | Killed Harold
 14856 | Lair:1   | Identified the +0 scale mail of Buner Vebu {*Slow rF+
                  | Dex+6}
 15243 | Lair:1   | Reached skill level 5 in Invocations
 15243 | Lair:1   | Reached XP level 12. HP: 85/111 MP: 5/14
 16091 | Lair:2   | Reached ***** piety under Yredelemnul
 16171 | Lair:2   | Noticed a five-headed hydra
 16178 | Lair:2   | Killed a five-headed hydra
 16334 | Lair:2   | Found a staircase to the Snake Pit.
 17122 | Lair:3   | Acquired 824 gold pieces
 17581 | Lair:3   | Reached skill level 1 in Dodging
 17586 | Lair:3   | Identified the +3 leather armour of Vexation {Rampage rPois
                  | Stlth-}
 17947 | Lair:3   | Found a staircase to the Swamp.
 18192 | Lair:4   | Noticed a five-headed hydra
 18200 | Lair:4   | Killed a five-headed hydra
 18409 | Lair:4   | Identified the +2 rapier "Jisabakh" {vorpal, rElec rPois
                  | rN+ Will+}
 18995 | Lair:4   | Noticed Snorg
 19002 | Lair:4   | Killed Snorg
 19005 | Lair:4   | Reached ****** piety under Yredelemnul
 19005 | Lair:4   | Reached XP level 13. HP: 122/122 MP: 5/17
 19831 | Lair:5   | Reached skill level 5 in Dodging
 19844 | Lair:5   | Reached skill level 10 in Armour
 20338 | Lair:6   | Entered Level 6 of the Lair of Beasts
 20762 | Lair:6   | Found a staircase to the Slime Pits.
 20762 | Lair:6   | Found a viscous altar of Jiyva.
 21655 | Lair:6   | Reached XP level 14. HP: 133/133 MP: 9/20
 21931 | Lair:6   | Reached skill level 15 in Fighting
 21972 | Lair:6   | Found a burning altar of Makhleb.
 22029 | Lair:6   | Found a gateway to Hell.
 22037 | Lair:6   | Got the Incunabulum of the Oath
 22635 | D:12     | Reached skill level 10 in Invocations
 23239 | D:13     | Noticed Nessos
 23239 | D:13     | Found a gate to the Vaults.
 23422 | D:13     | Noticed Nessos
 23422 | D:13     | Nessos changed into Nessos the eye of devastation
 23431 | D:13     | Killed Nessos the eye of devastation
 24068 | D:14     | Noticed Louise
 24113 | D:14     | Found a runed translucent gate.
 24114 | D:14     | Found a runed translucent gate.
 24115 | D:14     | Found a runed translucent gate.
 24115 | D:14     | Noticed a fire giant
 24115 | D:14     | Noticed Mockok's ghost (adept HuCj)
 24116 | D:14     | Found an iron altar of Okawaru.
 24292 | D:14     | Noticed Kirke
 24307 | D:14     | Killed Kirke
 24325 | D:14     | Your ally Kirke died
 24695 | D:14     | Identified Roxanne's Guide on the Rocks
 24695 | D:14     | Noticed Roxanne
 24718 | D:14     | Killed Roxanne
 24977 | D:14     | Identified the -4 pair of boots "Cadufif" {rPois rN+++
                  | Int+4 Dex-3}
 25170 | D:14     | Killed Louise
 25171 | D:14     | Reached XP level 15. HP: 144/144 MP: 7/22
 25274 | D:15     | Entered Level 15 of the Dungeon
 25301 | D:15     | Found a gate leading to a gauntlet.
 25308 | Gauntlet | Entered a Gauntlet
 25308 | Gauntlet | Found a transporter.
 25308 | Gauntlet | Found a transporter.
 25324 | Gauntlet | Found a transporter.
 25328 | Gauntlet | Found a transporter.
 25344 | Gauntlet | Found a transporter.
 25359 | Gauntlet | Found a transporter.
 25368 | Gauntlet | Found a transporter.
 25375 | Gauntlet | Found a transporter.
 25417 | Gauntlet | Found a transporter.
 25435 | Gauntlet | Found a transporter.
 25443 | Gauntlet | Found a transporter.
 25463 | Gauntlet | Found a transporter.
 25487 | Gauntlet | Identified the +1 pair of gloves of the Undertaker {MP-9
                  | Dex+3 Stlth+}
 25576 | Gauntlet | Reached skill level 10 in Dodging
 25705 | Gauntlet | Found the +8 whip "Snakebite" {venom, curare, rPois}
 25705 | Gauntlet | Identified the +1 lajatang of the Genius {vorpal, rElec
                  | Str+3 SInv}
 26346 | D:15     | Identified the -3 cloak "Arym Yda" {Dex+4}
 26500 | D:15     | Found the brooch of Shielding {Spirit SH+8}
 26774 | D:15     | Identified the +0 pair of gloves "Coco" {-Cast rN+ Str+8
                  | Stlth+}
 27027 | Orc:1    | Entered Level 1 of the Orcish Mines
 27099 | Orc:1    | Found a runed translucent gate.
 27099 | Orc:1    | Found a runed translucent gate.
 27099 | Orc:1    | Found an opulent altar of Gozag.
 27099 | Orc:1    | Found a runed translucent gate.
 27102 | Orc:1    | Found Yngiatri's Assorted Antiques.
 27102 | Orc:1    | Noticed Gielil's ghost (journeyman MiBe)
 27258 | Orc:1    | Found Puronu's Magic Scroll Emporium.
 27630 | Orc:1    | Bought a scroll of magic mapping for 42 gold pieces
 27630 | Orc:1    | Bought a scroll of fear for 42 gold pieces
 27630 | Orc:1    | Bought a scroll of blinking for 90 gold pieces
 27630 | Orc:1    | Bought a scroll of teleportation for 36 gold pieces
 27719 | Orc:1    | Killed Gielil's ghost
 27720 | Orc:1    | Reached skill level 1 in Evocations
 27773 | Orc:1    | Bought a scroll of magic mapping for 98 gold pieces
 27773 | Orc:1    | Bought a scroll of teleportation for 84 gold pieces
 27823 | Orc:2    | Entered Level 2 of the Orcish Mines
 27874 | Orc:2    | Found a dark tunnel.
 27878 | Volcano  | Entered a volcano
 28013 | Volcano  | Acquired a manual of Transmutations
 28096 | Orc:2    | Found a frozen archway.
 28104 | Orc:2    | Reached skill level 1 in Transmutations
 28130 | IceCv    | Entered an ice cave
 28139 | IceCv    | Reached skill level 1 in Earth Magic
 28585 | IceCv    | Noticed a frost giant
 28608 | IceCv    | Killed a frost giant
 28608 | IceCv    | Enslaved a frost giant
 28695 | IceCv    | Learned a level 2 spell: Wereblood
 29242 | Orc:2    | Found Zymaum's General Store.
 29245 | Orc:2    | Found Feodacs's General Store.
 29257 | Orc:2    | Reached skill level 5 in Transmutations
 29277 | Orc:2    | Reached XP level 16. HP: 42/155 MP: 11/24
 29362 | Orc:2    | Found a staircase to the Elven Halls.
 29436 | Orc:2    | Bought a scroll of blinking for 105 gold pieces
 29436 | Orc:2    | Bought a scroll of teleportation for 42 gold pieces
 30112 | Orc:2    | Paralysed by an orc sorcerer for 5 turns
 30176 | Orc:2    | Found Taomeu's Antique Armour Shop.
 30176 | Orc:2    | Found a one-way gate leading to the halls of Pandemonium.
 30176 | Orc:2    | Found Oczubred's Book Boutique.
 30259 | Elf:1    | Entered Level 1 of the Elven Halls
 30261 | Elf:1    | Paralysed by an air elemental for 1 turns
 30264 | Elf:1    | Paralysed by an air elemental for 1 turns
 30267 | Elf:1    | Paralysed by an air elemental for 1 turns
 30479 | Elf:1    | Paralysed by an air elemental for 1 turns
 30496 | Elf:1    | Reached skill level 15 in Armour
 30552 | Elf:1    | Identified the ring of Cashram {rC+ Int+3 Slay+2}
 30694 | Elf:1    | Noticed a deep elf master archer
 30702 | Elf:1    | Killed a deep elf master archer
 30803 | Elf:1    | Paralysed by an air elemental for 1 turns
 30862 | Elf:1    | Found Unkuth's Book Emporium.
 31198 | Elf:2    | Found Wokh's Jewellery Shop.
 31457 | Elf:2    | Paralysed by an air elemental for 1 turns
 31496 | Elf:2    | Found a runed translucent door.
 31520 | Elf:2    | Found a runed translucent door.
 31856 | Snake:1  | Entered Level 1 of the Snake Pit
 31863 | Snake:1  | Reached skill level 10 in Transmutations
 31956 | Snake:1  | Found Loedeg's Distillery.
 31956 | Snake:1  | Found Getorph's Book Shop.
 32056 | Snake:1  | Acquired the +0 hat "Vojeatring" {Dex+4}
 32114 | Snake:1  | Found Yjyinkob's Assorted Antiques.
 32142 | Snake:1  | Bought a scroll of teleportation for 96 gold pieces
 32433 | Snake:2  | Reached skill level 1 in Spellcasting
 32706 | Snake:2  | Found Puipeurph's General Store.
 32717 | Snake:2  | Found Xoacs's Assorted Antiques.
 32722 | Snake:2  | Found Xoij's Assorted Antiques.
 32726 | Snake:2  | Bought a scroll of enchant armour for 142 gold pieces
 32729 | Snake:2  | Found Iblotas's Distillery.
 32731 | Snake:2  | Bought a scroll of enchant weapon for 247 gold pieces
 32741 | Snake:2  | Bought a potion of heal wounds for 55 gold pieces
 32741 | Snake:2  | Bought a potion of cancellation for 88 gold pieces
 32741 | Snake:2  | Bought a potion of berserk rage for 55 gold pieces
 32741 | Snake:2  | Bought a potion of might for 44 gold pieces
 32741 | Snake:2  | Bought 2 potions of haste for 220 gold pieces
 32745 | Snake:2  | Bought a potion of curing for 63 gold pieces
 32745 | Snake:2  | Bought a scroll labelled QUILAN WAVOUM for 21 gold pieces
 32745 | Snake:2  | Bought a wand of acid (5) for 168 gold pieces
 32745 | Snake:2  | Bought a wand of mindburst (6) for 84 gold pieces
 32935 | Snake:2  | Reached XP level 17. HP: 158/161 MP: 12/25
 33866 | Snake:3  | Noticed Donald
 33876 | Snake:3  | Killed Donald
 34028 | Snake:4  | Entered Level 4 of the Snake Pit
 34148 | Snake:4  | Found Qicuff's Magic Scroll Shoppe.
 34148 | Snake:4  | Found Assuc's Assorted Antiques.
 34157 | Snake:4  | Found Utaidewk's Armour Shop.
 34159 | Snake:4  | Found Uxompo Liutt's Antique Weapon Boutique.
 34272 | Snake:4  | Bought a scroll of enchant armour for 135 gold pieces
 34272 | Snake:4  | Bought 2 scrolls of enchant armour for 270 gold pieces
 34277 | Snake:4  | Bought a scroll of enchant armour for 210 gold pieces
 34368 | Snake:4  | Reached skill level 15 in Shields
 34687 | Snake:4  | Noticed Aizul
 34708 | Snake:4  | Killed Aizul
 35148 | Snake:4  | Got a serpentine rune of Zot
 35192 | Snake:4  | Reached XP level 18. HP: 169/169 MP: 17/26
 35362 | Snake:4  | Noticed Saint Roka
 35386 | Snake:4  | Killed Saint Roka
 35780 | Swamp:1  | Entered Level 1 of the Swamp
 36706 | Swamp:2  | Noticed Mlioglotl
 36728 | Swamp:2  | Killed Mlioglotl
 36759 | Swamp:2  | Noticed Frances
 36760 | Swamp:2  | Killed Frances
 36818 | Swamp:2  | Acquired the +2 pair of boots "Pekk" {rElec rCorr Dex+3
                  | Slay+3}
 37655 | Swamp:4  | Entered Level 4 of the Swamp
 37974 | Swamp:4  | Noticed the 27-headed Lernaean hydra
 37991 | Swamp:4  | Killed the 27-headed Lernaean hydra
 37991 | Swamp:4  | Enslaved the 27-headed Lernaean hydra
 38145 | Swamp:4  | Got a decaying rune of Zot
 38897 | Vaults:1 | Entered Level 1 of the Vaults
 39279 | Vaults:1 | Reached XP level 19. HP: 119/177 MP: 19/28
 40214 | Vaults:2 | Noticed Sojobo
 40243 | Vaults:2 | Paralysed by an air elemental for 1 turns
 40249 | Vaults:2 | Cast into level 2 of the Abyss (a wizard)
 40339 | Abyss:2  | Found a sparkling altar of Nemelex Xobeh.
 40394 | Vaults:2 | Escaped the Abyss
 40397 | Vaults:2 | Killed Sojobo
 41255 | Vaults:2 | Reached skill level 15 in Invocations
 41457 | Vaults:2 | Found a staircase to the Crypt.
 41750 | Vaults:3 | Reached XP level 20. HP: 183/189 MP: 21/30
 42850 | Vaults:4 | Found Moddops's Assorted Antiques.
 42858 | Vaults:4 | Bought a scroll of magic mapping for 168 gold pieces
 44098 | Elf:3    | Entered Level 3 of the Elven Halls
 44098 | Elf:3    | Noticed Asterion
 44106 | Elf:3    | Killed Asterion
 44646 | Elf:3    | Cast into level 2 of the Abyss (a deep elf demonologist)
 44950 | Elf:3    | Escaped the Abyss
 44999 | Elf:3    | Cast into level 2 of the Abyss (a deep elf demonologist)
 44999 | Abyss:2  | Found a corrupted altar of Lugonu.
 45093 | Abyss:2  | Noticed a bone dragon
 45106 | Abyss:2  | Killed a bone dragon
 45154 | Abyss:3  | Found a corrupted altar of Lugonu.
 45218 | Abyss:3  | Found a corrupted altar of Lugonu.
 45559 | Elf:3    | Escaped the Abyss
 45564 | Elf:3    | Identified the +1 robe "Kymakky" {Fly rElec rN+ Dex+7}
 45564 | Elf:3    | Identified the ring of the Amoeba {Fire rElec rCorr Int-2
                  | Slay+6}
 45573 | Elf:3    | Identified the +0 acid dragon scales "Habek" {rC+ rCorr}
 45573 | Elf:3    | Identified the ring "Yraoly" {Drain rPois rN+ Dex+6}
 45593 | Elf:3    | Cast into level 2 of the Abyss (a deep elf demonologist)
 45727 | Abyss:3  | Gained mutation: Your body sometimes deteriorates upon
                  | taking damage. [a neqoxec]
 45760 | Abyss:3  | Lost mutation: Your body sometimes deteriorates upon taking
                  | damage. [potion of mutation]
 45760 | Abyss:3  | Gained mutation: Your system is resistant to poisons.
                  | (rPois) [potion of mutation]
 45760 | Abyss:3  | Gained mutation: Your spells are a little harder to cast,
                  | but a little more powerful. [potion of mutation]
 45760 | Abyss:3  | Gained mutation: You passively dampen the noise of your
                  | surroundings. [potion of mutation]
 45950 | Abyss:3  | Noticed a profane servitor
 45967 | Abyss:3  | Killed a profane servitor
 45975 | Elf:3    | Escaped the Abyss
 46072 | Elf:3    | Found the +6 lightning scales {swift, rElec}
 46074 | Elf:3    | Got the Tome of Dark Hexes
 46077 | Elf:3    | Got the Compendium of Unholy Rites
 46080 | Elf:3    | Identified the amulet "Vetephei" {Reflect rN+ SH+5}
 46084 | Elf:3    | Got the Collected Works on Displaced Stones
 46106 | Elf:3    | Identified the +5 longbow of Dolub {flame, Int+4}
 46164 | Elf:3    | Reached XP level 21. HP: 166/201 MP: 23/32
 46394 | Elf:3    | Found Mywnetuv's Book Boutique.
 46395 | Elf:3    | Found Gauvus's Jewellery Emporium.
 46396 | Elf:3    | Found Ynidarch's Book Boutique.
 47029 | D:15     | Found a staircase to the Depths.
 47443 | Depths:1 | Entered Level 1 of the Depths
 47774 | Depths:1 | Found a runed translucent gate.
 47774 | Depths:1 | Found a runed translucent gate.
 47873 | Depths:1 | Found a shimmering blue altar of Sif Muna.
 47951 | Depths:1 | Found a one-way gate to the infinite horrors of the Abyss.
 48198 | Depths:1 | Found a runed translucent gate.
 48198 | Depths:1 | Noticed fragbeetle's ghost (adept GrEE)
 48323 | Depths:1 | Reached skill level 15 in Dodging
 48335 | Depths:1 | Lost intelligence.
 48335 | Depths:1 | Gained mutation: You are occasionally teleported next to
                  | monsters. [mutagenic glow]
 48342 | Depths:1 | Identified the +0 cloak of Beogh {rC+ rN+ MP-9}
 48344 | Depths:1 | Your ally bound 27-headed Lernaean hydra died
 48345 | Depths:1 | Gained mutation: Your body sometimes deteriorates upon
                  | taking damage. [mutagenic glow]
 48347 | Depths:1 | Identified the +3 cloak of Marbles {rPois SInv}
 48363 | Depths:1 | Paralysed by a Zot trap for 2 turns
 48364 | Depths:1 | Gained mutation: You sometimes lose the ability to read
                  | scrolls when taking damage. [mutagenic glow]
 48386 | Depths:1 | Gained mutation: You have hidden genetic defects.
                  | [mutagenic glow]
 48394 | Depths:1 | Lost mutation: Your system is resistant to poisons. (rPois)
                  | [potion of mutation]
 48394 | Depths:1 | Lost mutation: Your spells are a little harder to cast, but
                  | a little more powerful. [potion of mutation]
 48394 | Depths:1 | Gained mutation: Potions are less effective at restoring
                  | your health. [potion of mutation]
 48394 | Depths:1 | Gained mutation: Your mind is acute. (Int +2) [potion of
                  | mutation]
 48396 | Depths:1 | Gained mutation: You are agile. (Dex +2) [mutagenic glow]
 48405 | Depths:1 | Gained mutation: Your body often deteriorates upon taking
                  | damage. [mutagenic glow]
 48417 | Depths:1 | Killed from afar by fragbeetle's ghost

Illustrated notes

Levels and vault maps discovered:
D:1:      dpeg_arrival_rhombi, layout_loops_cross
D:2:      layout_basic, chequers_ecumenical_altar_grove, basic_altar,
          minmay_pentomino_q4, uniq_sigmund
D:3:      layout_loops_ring, grunt_temple_overflow_champion_of_chaos,
          goddamned_bats
D:4:      layout_basic, gammafunk_ghost_split
D:5:      layout_basic, nicolae_overflow_hallway_of_the_gods,
          kennysheep_generic_room_6
D:6:      nicolae_cairo_tiling_large_dashed, layout_basic,
          lemuel_mausoleum_altar_kikubaaqudgha, minmay_temple_entry_trees,
          nicolae_ossuary_entry_giza, chequers_serial_rivers_small_b,
          hex_medium, roderic_batcave
D:7:      minmay_s_stair_smasher, layout_rooms, kennysheep_dice
D:8:      layout_loops_ring, serial_shops, shop, minmay_joined_circles,
          uniq_pikel
D:9:      layout_stronghold, david_orc_5
D:10:     layout_small_grid, due_lair_maze_entry_diamond,
          hellmonk_guarded_unrand_zhor, uniq_psyche, uniq_maggie
D:11:     layout_stronghold
D:12:     layout_stronghold
D:13:     layout_basic, david_vaults_3
D:14:     layout_irregular_city, gammafunk_ghost_fury_of_okawaru, uniq_louise,
          uniq_kirke, uniq_roxanne
D:15:     gammafunk_depths_entry_grave, layout_layer_cave,
          gauntlet_entry_generic, minivault_12
Lair:1:   layout_misc_corridors, special_room [special_room_bee],
          grunt_forest_large_clearing_hut, uniq_harold
Lair:2:   layout_layer_cave, minmay_snake_entry_six_corridors,
          serial_bayou_pond_c, lemuel_fruit_tree
Lair:3:   layout_chaotic_city, skrybe_swamp_entry_bodies, worms_lemuel
Lair:4:   layout_small_grid, minivault_26, nicolae_lair_run_with_the_wolves,
          uniq_snorg
Lair:5:   layout_gridlike, grunt_megastairs_5
Lair:6:   evil_forest, layout_regular_city, slime_altar_1, lookout_lair_type
Swamp:1:  layout_basic_swamp, evilmike_swamp_ruin_house_5
Swamp:2:  layout_falls_marsh, evilmike_swamp_ruin_house_1, swamp_pool2,
          uniq_frances, uniq_mlioglotl
Swamp:3:  nicolae_swamp_husk_halls, layout_basic_swamp, hangedman_swamp_cone
Swamp:4:  swamp_old_school, layout_basic_swamp, swamp_pool4
Snake:1:  layout_rooms, serial_shops, nicolae_shop_advertising_works
          [nicolae_subvault_shop_adworks], special_room, minmay_shoptagon
Snake:2:  layout_honeycomb, minmay_shop_grid_forest
Snake:3:  layout_basic, uniq_donald
Snake:4:  snake_pit, layout_basic, nicolae_wooded_promenade,
          nicolae_coiled_stairwell_up, serial_bayou_shore_a, uniq_saint_roka,
          uniq_aizul
Orc:1:    layout_diamond_mine, serial_shops, nicolae_shop_waterfront,
          ebering_ghost_gozag
Orc:2:    pf_orc_diabolical, layout_diamond_mine, portal_ice_cave_rime,
          enter_volcano_1, basic_altar
Elf:1:    nicolae_elf_arrival_aired_out, layout_loops_cross, serial_shops,
          nicolae_shop_statue_plus, kennysheep_underground_church, fountainhead,
          nicolae_elf_archery_training
Elf:2:    nicolae_elf_blades_splatter_lattice
          [nicolae_blade_entry_splitting_headache], layout_gridlike,
          serial_shops, shop
Elf:3:    minmay_elf_hall_curves, layout_gridlike, grunt_megastairs_2,
          minmay_shop_grove, uniq_asterion
Vaults:1: nicolae_vaults_ninety_degrees, vaults_dpeg_doors,
          nicolae_vaults_yaktaur_gun_rack, v_misc_23, vaults_mumra_chevron,
          layout_vaults_omnigrid
Vaults:2: nicolae_vaults_minivaults, v_misc_9, minmay_crypt_entry_simple_box,
          v_misc_9, vaults_standard_mumra_x, nicolae_vaults_three_branches,
          nicolae_vaults_border_crossing, hangedman_vaults_locks,
          vaults_room_grid, vaults_room_semicircle, vaults_dpeg_encased_lava,
          layout_vaults_omnibox, uniq_sojobo
Vaults:3: hangedman_vaults_corner, v_pattern_5, ontoclasm_vaults_shuriken,
          vaults_mumra_lcd, nicolae_vaults_little_squares_4, vaults_dpeg_hooks,
          nicolae_vaults_little_squares_2, vaults_room_hangedman_quadrants,
          nicolae_vaults_specimen_jars, v_alt_pattern_5, layout_vaults_big_room
Vaults:4: v_misc_28, grunt_vaults_twisty, nicolae_vaults_asterisk,
          nicolae_vaults_little_squares_1, v_misc_28,
          nicolae_vaults_shelves_hall, ontoclasm_vaults_bender,
          vaults_room_fours, nicolae_vaults_shelves_hall,
          ontoclasm_vaults_ring_square, nicolae_vaults_circle_grid_b, v_misc_3,
          vaults_standard_mumra_enter_the_diamond, layout_vaults_ring,
          serial_shops, nicolae_shop_statue_plus
Depths:1: layout_big_octagon, hell_entry, gammafunk_ghost_tricky_traps,
          marbit_kobold_abyss_entry, patterned_corridor, led_sif_pool

Skill      XL: |  1  2  3  4  5  6  7  8  9 10 11 12 13 14 15 16 17 18 19 20 21 |
---------------+----------------------------------------------------------------+-----
Long Blades    | 3 4 5 6 7 9 11 13 14 | 14.0
Fighting       | 4 5 6 7 8 10 11 13 14 16 17 18 20 | 20.0
Armour         | 4 5 7 8 9 11 12 13 16 18 20 | 20.0
Shields        | 4 5 6 8 9 11 12 13 15 17 19 20 | 20.0
Throwing       | 1 4 |  4.3
Invocations    | 5 7 9 11 12 13 15 16 17 | 17.8
Dodging        | 4 7 9 10 11 13 15 | 15.1
Evocations     | 2 |  2.0
Transmutations | 5 10 11 12 | 12.1
Earth Magic    | 3 |  3.1
Spellcasting   | 2 |  2.5

Action                   |  1- 3 |  4- 6 |  7- 9 | 10-12 | 13-15 | 16-18 | 19-21 || total
-------------------------+-------+-------+-------+-------+-------+-------+-------++-------
Melee: Long sword        |   105 |    49 |   478 |   547 |       |       |       ||  1179
       Headbutt          |    18 |    12 |   107 |   125 |   305 |   301 |   451 ||  1319
       Short sword       |       |       |       |     7 |    13 |       |       ||    20
       Unarmed           |       |       |       |     2 |       |       |       ||     2
       Scimitar          |       |       |       |    48 |   901 |       |       ||   949
       Demon blade       |       |       |       |       |   228 |  1128 |  1301 ||  2657
Throw: Javelin           |       |     1 |     7 |     9 |    15 |       |       ||    32
       Boomerang         |       |       |       |     5 |     7 |       |       ||    12
 Cast: Wereblood         |       |       |       |       |       |    34 |    32 ||    66
Invok: Dark Bargain      |       |       |       |     3 |     8 |     5 |     2 ||    18
       Recall Undead Har |       |       |       |     2 |     5 |    10 |    13 ||    30
       Drain Life        |       |       |       |       |     1 |     3 |     1 ||     5
       Bind Soul         |       |       |       |       |     2 |     1 |       ||     3
Evoke: Wand              |       |       |       |     1 |     5 |       |       ||     6
       Box of beasts     |       |       |       |       |     1 |       |       ||     1
  Use: Scroll            |     2 |     6 |     5 |    11 |    24 |    14 |     2 ||    64
       Potion            |       |     2 |     2 |     1 |     6 |     7 |    21 ||    39
 Stab: Distracted        |       |       |     2 |     8 |    15 |    19 |    14 ||    58
       Petrified         |       |       |       |       |     5 |       |     3 ||     8
       Fleeing           |       |       |       |       |       |     1 |       ||     1
       Confused          |       |       |       |       |       |       |     3 ||     3
Armor: Scale mail        |    44 |    19 |       |       |       |       |       ||    63
       Plate armour      |       |    24 |   320 |   288 |   442 |       |       ||  1074
       Crystal plate arm |       |       |       |       |    38 |   633 |   520 ||  1191
Dodge: Dodged            |    45 |    17 |    77 |   115 |   275 |   263 |   246 ||  1038
Block: Buckler           |    14 |    10 |       |       |       |       |       ||    24
       Kite shield       |       |    12 |   258 |   327 |   657 |   608 |       ||  1862
       Reflection        |       |       |     5 |     3 |    19 |    51 |       ||    78
       Tower shield      |       |       |       |       |       |    68 |  1069 ||  1137

Table legend: (Time is in decaauts)
 A = Elapsed time spent in this place.
 B = Non-inter-level travel time spent in this place.
 C = Inter-level travel time spent in this place.
 D = Time resting spent in this place.
 E = Time spent auto-exploring this place.
 F = Levels seen in this place.
 G = Mean time per level.
                   A        B        C        D        E       F      G
               +--------+--------+--------+--------+--------+-----+--------+
         Total |  47781 |  44869 |   2912 |   5596 |  30285 |  49 |  975.1 |
       Dungeon |  18704 |  17481 |   1223 |   3083 |  11354 |  15 | 1246.9 |
          Lair |   8057 |   7651 |    406 |    738 |   5990 |   6 | 1342.8 |
         Swamp |   2920 |   2810 |    110 |    106 |   2222 |   4 |  730.0 |
     Snake Pit |   3895 |   3486 |    409 |    294 |   2377 |   4 |  973.8 |
  Orcish Mines |   2225 |   1890 |    335 |    218 |   1230 |   2 | 1112.5 |
   Elven Halls |   2831 |   2573 |    258 |    202 |   1836 |   3 |  943.7 |
        Vaults |   4677 |   4509 |    168 |    264 |   3376 |   4 | 1169.2 |
        Depths |    953 |    953 |      0 |    100 |    600 |   1 |  953.0 |
         Abyss |   1270 |   1270 |      0 |    109 |    577 |   6 |  211.7 |
       Ossuary |    664 |    664 |      0 |    143 |    342 |   1 |  664.0 |
      Ice Cave |    956 |    956 |      0 |    241 |    229 |   1 |  956.0 |
       Volcano |    189 |    189 |      0 |      5 |      0 |   1 |  189.0 |
      Gauntlet |    436 |    436 |      0 |     93 |    149 |   1 |  436.0 |
               +--------+--------+--------+--------+--------+-----+--------+

Top non-repeatable levels by time:
  Lair:6: 1887 daAuts
     D:6: 1719 daAuts
    D:15: 1696 daAuts
    D:11: 1594 daAuts
     D:5: 1519 daAuts
     D:7: 1479 daAuts
 Snake:4: 1418 daAuts
  Lair:1: 1414 daAuts
  Lair:2: 1378 daAuts
   Orc:2: 1337 daAuts
     D:8: 1326 daAuts
Vaults:1: 1288 daAuts
     D:9: 1243 daAuts
    D:10: 1223 daAuts
  Lair:4: 1212 daAuts
